 Dungeon Crawl Stone Soup version 0.16-a0-324-g99bef82 (webtiles) character file.

39 PolkaDot the Caller (level 3, -5/24 HPs)
             Began as a Vampire Summoner on Sept 3, 2014.
             Slain by a gnoll
             ... wielding a +0 flail
              (11 damage)
             ... on Level 2 of the Dungeon.
             The game lasted 00:05:43 (1514 turns).

PolkaDot the Caller (Vampire Summoner)              Turns: 1514, Time: 00:05:44

HP  -5/24        AC  2     Str  4      XL: 3   Next: 26%
MP   5/6         EV 12     Int 18      God:
Gold 72          SH  0     Dex 14      Spells:  3 memorised,  0 levels left

rFire  + . .     SeeInvis +     (no weapon)
rCold  x . .     Clarity  .     a - +0 robe
rNeg   + . .     rCorr    .     (no shield)
rPois  .         rRot     .     (no helmet)
rElec  .         Spirit   .     (no cloak)
SustAb .         Warding  +     (no gloves)
rMut   .         Stasis   .     (no boots)
Gourm  .                        c - amulet of warding
MR     .....                    f - ring of fire
                                e - cursed -3 ring of strength

@: regenerating quickly, not resistant to hostile enchantments, unstealthy
A: fangs 3, see invisible, unbreathing
a: no special abilities


You were on level 2 of the Dungeon.
You were very full.

You visited 1 branch of the dungeon, and saw 2 of its levels.

You collected 72 gold pieces.

Inventory:

Armour
 a - a +0 robe (worn)
Jewellery
 c - an amulet of warding (around neck)
 e - a cursed -3 ring of strength (left hand)
 f - a ring of fire (right hand)
Books
 b - a book of Callings

   Spells                             Type                      Level
   *Summon Small Mammal               Summoning                    1
   *Call Imp                          Summoning                    2
   *Call Canine Familiar              Summoning                    3
   Summon Guardian Golem              Hexes/Summoning              4
   Summon Lightning Spire             Summoning/Air                4
   Summon Ice Beast                   Ice/Summoning                4


   Skills:
 - Level 2.1 Dodging
 - Level 3.0 Stealth
 - Level 2.0 Spellcasting
 + Level 5.1 Summonings


You couldn't memorise any spells.
You knew the following spells:

 Your Spells              Type           Power        Failure   Level  Hunger
a - Summon Small Mammal   Summ           ###.         1%          1    #......
d - Call Canine Familiar  Summ           ###.....     10%         3    ####...
s - Call Imp              Summ           ###.....     3%          2    ##.....


Dungeon Overview and Level Annotations

Branches:
Dungeon (2/15)

Altars:

Annotations:
D:2 Terence


Innate Abilities, Weirdness & Mutations

Your natural rate of healing is unusually fast.
You have razor-sharp teeth.
You have supernaturally acute eyesight.
You can survive without breathing.


Message History

Terence closely misses your hound.
Your hound bites the gnoll but does no damage.
Your hound barely misses the gnoll.
Your hound barely misses the gnoll.
Your hound stops to sniff the ground.
Your hound bites the gnoll.
The gnoll dies!
Drink which item? (? for menu, Esc to quit)
You feel magically purged.
It was a potion of cancellation.
Your hound closely misses Terence.
The gnoll barely misses you. Terence completely misses your hound.
Read which item? (? for menu, Esc to quit)
Okay, then.
Your hound bites Terence but does no damage.
Terence closely misses your hound.
Your hound bites Terence but does no damage.
Unknown command.
Terence shouts, "ATTACK!!!"
The gnoll hits you with a flail!
You die...

#.# ... #.# ... .. #.#
... #.####...#
#.......... .##
#..........# .....#
#@.?.......# ......
##### #.g......=..
.....# ....#
#...........# .....#
......#.##.###<...
.....# ..... #@##.#
.....####.... #....#
.......[.###+###..#####
#.........@h).........#
#.#.####?....#<.......#


You could see Terence and a gnoll.

Vanquished Creatures
  4 goblins (D:1)
  A hobgoblin (D:1)
  4 bats (D:1)
  3 giant newts (D:1)
  2 kobolds (D:1)
  4 rats (D:1)
18 creatures vanquished.

Vanquished Creatures (collateral kills)
  2 gnolls
  An adder (D:1)
  A goblin (D:1)
  3 hobgoblins (D:1)
  3 giant newts (D:1)
  A rat (D:1)
11 creatures vanquished.

Vanquished Creatures (others)
  2 quokkas (D:1)
  A bat (D:1)
3 creatures vanquished.

Grand Total: 32 creatures vanquished

Notes
Turn   | Place    | Note
--------------------------------------------------------------
     0 | D:1      | PolkaDot, the Vampire Summoner, began the quest for the Orb.
     0 | D:1      | Reached XP level 1. HP: 13/13 MP: 3/3
   488 | D:1      | Reached XP level 2. HP: 17/19 MP: 0/4
  1377 | D:1      | Reached skill level 5 in Summonings
  1377 | D:1      | Reached XP level 3. HP: 13/24 MP: 3/6
  1484 | D:1      | Learned a level 2 spell: Call Imp
  1488 | D:1      | Learned a level 3 spell: Call Canine Familiar
  1491 | D:2      | Noticed Terence
  1514 | D:2      | Slain by a gnoll

Action                   || total
-------------------------++-------
Melee: Unarmed           ||   102
 Cast: Summon Small Mamm ||    19
       Call Canine Famil ||     1
  Use: Potion            ||     2
       Scroll            ||     1
 Stab: Sleeping          ||     1
  Eat: Corpse            ||    11
